 Dungeon Crawl Stone Soup version 0.28.0-49-g6dfe1f597d (webtiles) character file.

Game seed: 13293421683918439439

26 Exodus22XD the Sneak (level 2, 0/13 HPs)
             Began as a Spriggan Enchanter on May 15, 2022.
             Slain by an adder (4 damage)
             ... on level 2 of the Dungeon.
             The game lasted 00:01:50 (1462 turns).

Exodus22XD the Sneak (Spriggan Enchanter)           Turns: 1462, Time: 00:01:51

Health: 0/13       AC:  3    Str:  4    XL:     2   Next: 89%
Magic:  6/6        EV: 17    Int: 16    God:
Gold:   34         SH:  0    Dex: 15    Spells: 6/6 levels left

rFire   . . .      SeeInvis +   h - +0 short sword
rCold   . . .      Faith    .   (no shield)
rNeg    . . .      Spirit   .   b - +0 robe
rPois   .          Reflect  .   (helmet restricted)
rElec   .          Harm     .   e - +0 cloak
rCorr   .          Rampage  .   (gloves unavailable)
Will    .....                   (boots unavailable)
Stlth   +++.......              (no amulet)
HPRegen 0.04/turn               (no ring)
MPRegen 0.10/turn               (no ring)

@: very quick
A: very small, no large weapons, unfitting armour, see invisible, speed 3
a: no special abilities


You were on level 2 of the Dungeon.
You visited 1 branch of the dungeon, and saw 2 of its levels.

You collected 34 gold pieces.

Inventory:

Hand Weapons
 a - a +1 dagger
 h - a +0 short sword (weapon)
Armour
 b - a +0 robe (worn)
 e - a +0 cloak (worn)
Jewellery
 g - a ring of ice
Scrolls
 i - 2 scrolls of identify {unknown}
Potions
 c - a potion of invisibility
 d - a potion of haste {unknown}
 f - a potion of curing {unknown}
 j - a potion of flight {unknown}


   Skills:
 - Level 1.1 Short Blades
 - Level 2.6 Dodging
 + Level 6.4 Stealth
 - Level 2.6 Spellcasting
 - Level 3.6 Hexes


You had 6 spell levels left.
You didn't know any spells.
Your spell library contained the following spells:

 Spells                   Type           Power      Damage    Failure   Level
 Confusing Touch          Hex            13%        N/A       13%         3
 Tukima's Dance           Hex            13%        N/A       13%         3
 Ensorcelled Hibernation  Hex/Ice        14%        N/A       14%         2
 Foxfire                  Conj/Fire      8%         2x1d4     19%         1
 Dazzling Flash           Conj/Hex       14%        N/A       28%         3
 Inner Flame              Hex/Fire       7%         N/A       28%         3
 Conjure Flame            Conj/Fire      2%         6-21      50%         3
 Flame Wave               Conj/Fire      2%         2d4       88%         4


Dungeon Overview and Level Annotations

Branches:
Dungeon (2/15)

Altars:


Innate Abilities, Weirdness & Mutations

You are very small and have problems with some larger weapons.
You are too small for most types of armour.
You have supernaturally acute eyesight. (SInv)
You cover ground extremely quickly. (Speed+++)


Message History

The kobold is moderately wounded.
The kobold closely misses you. The kobold hits you with a +0 dagger.
You closely miss the kobold.
The kobold is moderately wounded.
The kobold hits you with a +0 dagger.
The jackal barks!
You hit the kobold.
You kill the kobold!
You hit the jackal.
The jackal is moderately wounded.
The jackal bites you. The jackal misses you.
Found a scroll labelled NAYN BEVVA.
The frilled lizard unfolds its giant frill.
A ball python comes into view.
The bat hits you but does no damage.
Found a spear.
A hobgoblin comes into view.
A bat comes into view.
Found a stone staircase leading down.
The bat completely misses you.
There is a stone staircase leading down here.
A jackal comes into view.
The jackal barks!
You hear a bark!
An adder and a jackal come into view.
The adder moves out of view.
The jackal moves out of view.
A jackal comes into view.
The bat misses you.
The jackal moves out of view.
A kobold comes into view. It is wielding a +0 whip.
The jackal bites the bush but does no damage.
The adder bites the bush but does no damage.
The bat barely misses you.
A jackal comes into view.
The jackal misses you. The bat hits you but does no damage.
The jackal bites you but does no damage.
The jackal barks! x3
The jackal bites you but does no damage. x2
The kobold shouts!
The adder bites you.
You die...

.................##.>.b..##
##.#..h.......#.###.###.##
................##.h###)#
...##....##..#####.#.......
##.#..#..##..# #..#.......
.#...##......# #.#.......#
..(####...##.# #.hb......#
##... ...###.####bhh......#
................@h♣♣......#
...... ###......KS....#####
... .. ...#........## ... #
##...PP..# ... #.#.....# ..
#.......# .. #.#....## ..
#.######


You could see an adder, 5 jackals, 2 bats and a kobold.

Vanquished Creatures
  3 ball pythons
  5 bats
  An endoplasm (D:1)
  A giant cockroach (D:1)
  A goblin (D:1)
  A hobgoblin (D:1)
  2 kobolds
  2 quokkas (D:1)
  10 frilled lizards (D:1)
26 creatures vanquished.

Vanquished Creatures (others)
  6 plants (D:1)
6 creatures vanquished.

Grand Total: 32 creatures vanquished

Notes
Turn   | Place    | Note
-------+----------+-------------------------------------------
     0 | D:1      | Exodus22XD the Spriggan Enchanter began the quest for the
                  | Orb.
     0 | D:1      | Reached XP level 1. HP: 9/9 MP: 5/5
   319 | D:1      | Reached skill level 5 in Stealth
   398 | D:1      | Reached XP level 2. HP: 4/13 MP: 6/6
   858 | D:1      | Reached skill level 6 in Stealth
  1462 | D:2      | Slain by an adder

Illustrated notes

Levels and vault maps discovered:
D:1:      dpeg_arrival_shelter, layout_basic, serial_forest,
          infiniplex_forest_straight_3, infiniplex_forest_straight_4,
          infiniplex_forest_straight_5, infiniplex_forest_corner_2,
          infiniplex_forest_clump_medium, infiniplex_forest_clump_long,
          infiniplex_forest_straight_1, minmay_lizard_king
D:2:      layout_rooms, serial_park_tiny_2

Skill      XL: |  1  2 |
---------------+-------+-----
Stealth        | 5 6 |  6.4
Short Blades   | |  1.1
Dodging        | |  2.6
Spellcasting   | |  2.6
Hexes          | |  3.6

Action                   || total
-------------------------++-------
Melee: Dagger            ||    78
       Short sword       ||     4
 Stab: Sleeping          ||     9
Armor: Robe              ||    21
Dodge: Dodged            ||    84
